 Dungeon Crawl Stone Soup version 0.30-a0-457-g4b7bca3bfa (webtiles) character file.

Game seed: 3108779541154869238

63 qeuew the Trooper (level 4, 0/40 HPs)
             Began as a Hill Orc Fighter on Dec 12, 2022.
             Slain by Robin
             ... wielding a +0 dagger
              (2 damage)
             ... on level 2 of the Dungeon.
             The game lasted 00:01:48 (968 turns).

qeuew the Trooper (Hill Orc Fighter)                 Turns: 968, Time: 00:01:48

Health: 0/40       AC:  7    Str: 20    XL:     4   Next: 10%
Magic:  4/4        EV:  9    Int:  8    God:
Gold:   56         SH:  4    Dex: 10    Spells: 3/3 levels left

rFire   . . .      SeeInvis .    a - +0 war axe
rCold   . . .      Faith    .    c - +0 buckler
rNeg    . . .      Spirit   .    b - +0 scale mail
rPois   .          Reflect  .    (no helmet)
rElec   .          Harm     .    (no cloak)
rCorr   +          Rampage  .    (no gloves)
Will    .....                    (no boots)
Stlth   ..........               (no amulet)
HPRegen 0.26/turn                e - ring of resist corrosion
MPRegen 0.09/turn                (no ring)

@: mighty
A: no striking features
a: no special abilities


You were on level 2 of the Dungeon.
You visited 1 branch of the dungeon, and saw 2 of its levels.

You collected 56 gold pieces.

Inventory:

Hand Weapons
 a - a +0 war axe (weapon)
Armour
 b - a +0 scale mail (worn)
 c - a +0 buckler (worn)
Jewellery
 e - a ring of resist corrosion (left hand)
Scrolls
 f - 3 scrolls of acquirement {unknown}
 g - a scroll of teleportation {unknown}


   Skills:
 + Level 4.2 Fighting
 + Level 3.5 Axes
 + Level 3.7 Armour
 + Level 1.1 Dodging
 + Level 3.7 Shields


You had 3 spell levels left.
You didn't know any spells.
Your spell library contained the following spells:

 Spells                   Type           Power      Damage    Failure   Level
 Sting                    Tmut/Pois      0%         1d3       85%         1
 Poisonous Vapours        Pois/Air       0%         N/A       94%         2
 Olgreb's Toxic Radiance  Pois           0%         N/A       100%        4


Dungeon Overview and Level Annotations

Branches:
Dungeon (2/15)

Altars:

Annotations:
D:2 Robin


Message History

The hobgoblin hits you.
* * * LOW HITPOINT WARNING * * *
Unknown command.
You slash the goblin!
You kill the goblin!
You barely miss the goblin. You hit the hobgoblin.
You kill the hobgoblin!
You closely miss the hobgoblin. You block the hobgoblin's attack.
You block the goblin's attack.
You hit the goblin.
You kill the goblin!
You closely miss the hobgoblin. You slash the goblin!
You kill the goblin!
You slash the goblin!
You kill the goblin!
You block the hobgoblin's attack. The hobgoblin closely misses you.
Robin throws the goblin at you!
You have reached level 4!
You barely miss Robin. You slash the dart slug!
You kill the dart slug!
You slash the goblin!
You kill the goblin!
You slash the hobgoblin!
You kill the hobgoblin!
Robin hits you but does no damage.
You barely miss Robin. Robin hits you but does no damage.
Robin barely misses you.
You closely miss Robin. Robin hits you but does no damage.
You hit Robin.
Robin is moderately wounded.
Robin's bangles clink loudly.
Robin hits you but does no damage.
You barely miss Robin.
Robin is moderately wounded.
Robin hits you but does no damage. Robin hits you with a +0 dagger.
* * * LOW HITPOINT WARNING * * *
You barely miss Robin.
Robin is moderately wounded.
Robin hits you with a +0 dagger.
You die...

#.###......#
#.#
####.#######
#.#
#..........#
#.#
#....#####.#
#.# #....#
#.###....#
#........+
#####..))#
####@#
......†g)......
...............
...............
...............
...............
..............#
####.........##


You could see Robin.

Vanquished Creatures
  A worm (D:2)
  2 dart slugs
  11 ball pythons
  A giant cockroach (D:1)
  12 goblins
  7 hobgoblins
  3 jackals (D:1)
  2 quokkas (D:1)
  3 bats (D:1)
  A frilled lizard (D:1)
  5 kobolds
  A rat (D:1)
49 creatures vanquished.

Vanquished Creatures (others)
  A plant (D:2)
1 creature vanquished.

Grand Total: 50 creatures vanquished

Notes
Turn   | Place    | Note
-------+----------+-------------------------------------------
     0 | D:1      | qeuew the Hill Orc Fighter began the quest for the Orb.
     0 | D:1      | Reached XP level 1. HP: 19/19 MP: 1/1
   127 | D:1      | Reached XP level 2. HP: 27/27 MP: 2/2
   525 | D:1      | Reached XP level 3. HP: 31/33 MP: 3/3
   530 | D:1      | Reached skill level 4 in Fighting
   953 | D:2      | Noticed Robin
   957 | D:2      | Reached skill level 1 in Dodging
   960 | D:2      | HP: 1/33 [hobgoblin[Robin] (3)]
   963 | D:2      | Reached XP level 4. HP: 3/40 MP: 4/4
   967 | D:2      | HP: 2/40 [Robin/+0 dagger (3)]
   968 | D:2      | Slain by Robin

Illustrated notes

Levels and vault maps discovered:
D:1:      shiori_arrival_oz, layout_basic
D:2:      layout_basic, serial_bayou_pond_e, hex_large, nrook_mini_backslash,
          uniq_terence, uniq_robin

Skill      XL: |  1  2  3 |
---------------+----------+-----
Axes           | 3 |  3.5
Fighting       | 4 |  4.2
Dodging        | 1 |  1.1
Armour         | |  3.7
Shields        | |  3.7

Action                   |  1- 3 |  4- 6 || total
-------------------------+-------+-------++-------
Melee: War axe           |   113 |     6 ||   119
  Use: Potion            |     6 |       ||     6
       Scroll            |     1 |       ||     1
Armor: Scale mail        |    74 |     5 ||    79
Dodge: Dodged            |    75 |     1 ||    76
Block: Buckler           |    31 |       ||    31

Table legend: (Time is in decaauts)
 A = Elapsed time spent in this place.
 B = Non-inter-level travel time spent in this place.
 C = Inter-level travel time spent in this place.
 D = Time resting spent in this place.
 E = Time spent auto-exploring this place.
 F = Levels seen in this place.
 G = Mean time per level.
                   A        B        C        D        E       F      G
               +--------+--------+--------+--------+--------+-----+--------+
         Total |   1013 |    997 |     16 |      0 |    734 |   2 |  506.5 |
       Dungeon |   1013 |    997 |     16 |      0 |    734 |   2 |  506.5 |
               +--------+--------+--------+--------+--------+-----+--------+

Top non-repeatable levels by time:
     D:1: 825 daAuts
     D:2: 187 daAuts
